 Dungeon Crawl Stone Soup version 0.18.1-50-g88ac8fd (webtiles) character file.

268 epen the Insei (level 6, -5/57 HPs)
             Began as a Naga Monk on Sept 17, 2016.
             Slain by an orc
             ... wielding a +0 falchion
              (7 damage)
             ... on level 3 of the Dungeon.
             The game lasted 00:08:06 (4229 turns).

epen the Insei (Naga Monk)                          Turns: 4229, Time: 00:08:07

Health: -5/57      AC:  5    Str: 11      XL:     6   Next: 21%
Magic:  6/6        EV: 11    Int: 11 (12) God:
Gold:   96         SH:  0    Dex: 13 (14) Spells: 0 memorised, 5 levels left

rFire  . . .     SeeInvis +       - Unarmed
rCold  + . .     Gourm    .     a - +0 robe
rNeg   . . .     Faith    .     (no shield)
rPois  +         Spirit   .     (no helmet)
rElec  .         Dismiss  .     (no cloak)
rCorr  .         Reflect  .     (no gloves)
SustAt .         Harm     .     (no barding)
MR     .....                    g - amulet of magic regeneration
Stlth  ++........               (no ring)
                                (no ring)

@: exhausted, very slightly contaminated, slowed, invisible, very slow, not
resistant to hostile enchantments, unstealthy
A: yellow scales 1, see invisible, cold resistance 1, deformed body, poison
resistance, slowness 2, slow metabolism 1, spit poison 2, weak 1, AC +2
a: Spit Poison


You were on level 3 of the Dungeon.
You were hungry.

You visited 1 branch of the dungeon, and saw 3 of its levels.

You collected 96 gold pieces.

Inventory:

Armour
 a - a +0 robe (worn)
 l - a +0 ring mail
Jewellery
 g - an amulet of magic regeneration (around neck)
 r - an uncursed ring of fire
Wands
 k - a wand of flame (5/48)
Scrolls
 c - 4 scrolls of identify
 o - a scroll of amnesia
Potions
 e - a potion of might
 q - a potion of degeneration
Comestibles
 b - 3 bread rations
 d - a meat ration
 i - a fruit
 j - a slice of pizza
 t - 2 chunks of flesh


   Skills:
 + Level 4.2 Fighting
 * Level 4.4 Dodging
 - Level 3.0 Stealth
 + Level 4.8 Unarmed Combat


You had 5 spell levels left.
You didn't know any spells.

Dungeon Overview and Level Annotations

Branches:
Dungeon (3/15)

Altars:
Sif Muna


Innate Abilities, Weirdness & Mutations

You cannot wear boots.
Your serpentine skin is tough (AC +2).
You have supernaturally acute eyesight.
Armour fits poorly on your strangely shaped body.
Your system is resistant to poisons.
You cover ground very slowly.
You have a slow metabolism.
You can spit poison.
You are partially covered in yellow scales (AC +2).
Your flesh is cold resistant.
You are weak. (Str -2)


Message History

* * * LOW HITPOINT WARNING * * *
The orc hits you with a club.
* * * LOW HITPOINT WARNING * * *
The orc closely misses you.
Drink which item? (? for menu, Esc to quit)
You fade into invisibility!
The orc misses you. The orc hits you with a falchion.
* * * LOW HITPOINT WARNING * * *
The orc misses you.
You are very lightly contaminated with residual magic.
You closely miss the orc. The orc closely misses you.
The orc barely misses you.
You barely miss the orc.
The orc is heavily wounded.
The orc barely misses you. The orc hits you with a club.
* * * LOW HITPOINT WARNING * * *
The orc hits you with a falchion.
* * * LOW HITPOINT WARNING * * *
The orc closely misses you. The orc hits you with a falchion!
You die...

#............# #....# .
#..........#.# #....#
.o. ###........#.#
#....#...#.o .[
########.# #
#....#...#.# ### ###.#
.....#...#o# ... #...#
##...#...#.# ...
####(########...#...#.#
..g
#...(.......#...#...#.#
g.#
#.........@.#...#...#.#
+
#....)....oo#...ooo.#.#
#
#...........#..)#...'.#
#
#...........#...#...#.#
#...........#...#...#.#
#...............#...#.#
#...............#...#.#
#########.......#...#.#
#.......#...#.#


You could see 2 orcs.

Vanquished Creatures
  An orc warrior (D:3)
  An orc wizard (D:3)
  5 adders
  A worm (D:3)
  3 dart slugs
  5 giant geckos (D:2)
  4 orcs (D:3)
  A ball python (D:2)
  11 bats
  3 giant cockroaches
  6 hobgoblins
  4 jackals (D:1)
  3 quokkas
  5 giant newts
  10 goblins
  10 kobolds
  13 rats
86 creatures vanquished.

Notes
Turn   | Place    | Note
--------------------------------------------------------------
     0 | D:1      | epen the Naga Monk began the quest for the Orb.
     0 | D:1      | Reached XP level 1. HP: 21/21 MP: 1/1
   434 | D:1      | Reached XP level 2. HP: 23/28 MP: 2/2
   954 | D:1      | Reached XP level 3. HP: 32/34 MP: 3/3
  1736 | D:2      | Reached XP level 4. HP: 34/42 MP: 4/4
  2041 | D:2      | Found a deep blue altar of Sif Muna.
  2478 | D:2      | HP: 2/42 [adder (3)]
  3404 | D:3      | Reached XP level 5. HP: 25/50 MP: 5/5
  4178 | D:3      | Gained mutation: You are weak. (Str -2) [potion of mutation]
  4178 | D:3      | Gained mutation: You are partially covered in yellow scales (AC +2). [potion of mutation]
  4178 | D:3      | Gained mutation: Your flesh is cold resistant. [potion of mutation]
  4194 | D:3      | Noticed an orc warrior
  4214 | D:3      | Killed an orc warrior
  4214 | D:3      | Reached XP level 6. HP: 26/57 MP: 6/6
  4228 | D:3      | HP: 2/57 [orc/falchion (4)]
  4229 | D:3      | Slain by an orc

Skill      XL: |  1  2  3  4  5 |
---------------+----------------+-----
Dodging        | 3 4 |  4.4
Fighting       | 4 |  4.2
Stealth        | |  3.0
Unarmed Combat | |  4.8

Action                   |  1- 3 |  4- 6 || total
-------------------------+-------+-------++-------
Melee: Unarmed           |   131 |   189 ||   320
       Punch             |     4 |     1 ||     5
 Abil: Spit Poison       |     5 |     5 ||    10
  Use: Potion            |       |     7 ||     7
       Scroll            |       |     6 ||     6
 Stab: Sleeping          |     6 |     4 ||    10
  Eat: Chunk             |     2 |     7 ||     9
Armor: Robe              |    15 |    39 ||    54
       Ring mail         |     9 |       ||     9
Dodge: Dodged            |    61 |   120 ||   181
